 Dungeon Crawl Stone Soup version 0.25-a0-464-g3004169c2b (webtiles) character file.

Game seed: 15644250090436775316, levelgen mode: deterministic

381 ICC the Skirmisher (level 6, -1/33 HPs)
             Began as a Vine Stalker Gladiator on Feb 5, 2020.
             Was an Initiate of Wu Jian.
             Killed from afar by an electric eel (2 damage)
             ... with a bolt of electricity
             ... on level 3 of the Dungeon.
             The game lasted 00:12:46 (2415 turns).

ICC the Skirmisher (Vine Stalker Gladiator)         Turns: 2415, Time: 00:12:46

Health: -1/33      AC:  4    Str: 17    XL:     6   Next: 75%
Magic:  0/13       EV: 13    Int: 11    God:    Wu Jian [......]
Gold:   201        SH:  0    Dex: 17    Spells: 13/13 levels left

rFire    + . .     SeeInvis .   a - +0 rapier
rCold    + + .     Gourm    .   (no shield)
rNeg     . . .     Faith    .   b - +0 leather armour
rPois    +         Spirit   +   v - +0 helmet {Int+3}
rElec    +         Reflect  .   (no cloak)
rCorr    +         Harm     .   (no gloves)
MR       .....                  (no boots)
Stlth    ..........             s - amulet of rage
HPRegen  0.51/turn              l - ring of protection from cold
MPRegen  0.13/turn              o - ring of attention (curse)

@: resistant, flying
A: fangs 2, regeneration 1, magic shield, antimagic bite, no potion heal 3, rot
immunity
a: Renounce Religion, Evoke Berserk Rage


You were on level 3 of the Dungeon.
You worshipped Wu Jian.
Wu Jian was noncommittal.
You were not hungry.

You visited 1 branch of the dungeon, and saw 3 of its levels.

You collected 201 gold pieces.

Inventory:

Hand Weapons
 a - a +0 rapier (weapon)
Missiles
 d - 2 throwing nets
 e - 125 stones (quivered)
 j - 5 poisoned darts
 k - 4 atropa-tipped darts
 m - 4 datura-tipped darts
Armour
 b - a +0 leather armour (worn)
 v - a +0 helmet of intelligence (worn)
Jewellery
 l - a ring of protection from cold (left hand)
 o - a cursed ring of attention (right hand)
 s - an amulet of rage (around neck)
Wands
 w - a wand of flame (18)
Scrolls
 h - 3 scrolls of remove curse {unknown}
 n - a scroll of teleportation {unknown}
 q - a scroll of identify {unknown}
Potions
 c - a potion of ambrosia {unknown}
 g - a potion of invisibility {unknown}
 u - 2 potions of curing {unknown}
Comestibles
 f - 8 rations
 p - 2 chunks of flesh


   Skills:
 + Level 4.1 Fighting
 + Level 3.1 Short Blades
 - Level 2.0 Throwing
 - Level 3.0 Dodging
 + Level 4.0 Spellcasting


You had 13 spell levels left.
You didn't know any spells.
Your spell library was empty.

Dungeon Overview and Level Annotations

Branches:
Dungeon (3/15)

Altars:
Ashenzari
Wu Jian

Annotations:
D:3 1 transporter


Innate Abilities, Weirdness & Mutations

You have extremely sharp teeth.
Your natural rate of healing is unusually fast.
When hurt, damage is shared between your health and your magic reserves.
Your bite disrupts and absorbs the magic of your enemies.
Potions cannot restore your health.
You are immune to rotting.


Message History

The electric eel completely resists.
The bolt of electricity hits the electric eel.
The electric eel completely resists.
You closely miss the electric eel. Your bite misses the electric eel.
The electric eel is almost dead.
You lunge at the electric eel.
You miss the electric eel. Your bite misses the electric eel.
The electric eel shoots out a bolt of lightning at you!
The bolt of electricity hits you. You resist.
You closely miss the electric eel.
The electric eel is almost dead.
The electric eel shoots out a bolt of lightning at you!
The bolt of electricity hits you. You resist. The bolt of electricity hits you.
You resist.
* * * LOW HITPOINT WARNING * * *
The bolt of electricity hits the electric eel.
The electric eel completely resists.
The electric eel shoots out a bolt of lightning at you!
The bolt of electricity hits you. You resist.
You die...

.......# #..÷....... ....####
#)###...... ....#
##################...... ....#
#....................... ....#
#.###############....... ....#
##.#8P#;≈≈≈≈≈≈#P8#.......
....#####..#..#..≈P≈≈≈#..#..###'#
......##..©#©.'..≈⌠≈≈≈+:©#©..#...
..###......#..#.@;≈≈≈≈#..#.......
..# #.####.#8P#;≈≈≈≈≈≈#P8#.##÷÷..
..# #.# #.###############.##.###
..# #.# #.................##.###
..###.#######.....###########....
#..........##.........# #####
..###.####.##......##.# #
....#....#.##.......#.# #
#.#.####.#....####..#.# #


You could see 3 electric eels.

Vanquished Creatures
  Grinder (D:3)
  Robin (D:3)
  3 adders
  A howler monkey skeleton (D:2)
  3 oozes
  6 worms
  4 dart slugs
  A leopard gecko (D:3)
  7 orcs (D:3)
  A ball python (D:1)
  15 goblins
  9 hobgoblins
  7 jackals
  A quokka (D:3)
  5 bats
  11 frilled lizards
  12 kobolds
  5 rats
93 creatures vanquished.

Notes
Turn   | Place    | Note
-------+----------+-------------------------------------------
     0 | D:1      | ICC the Vine Stalker Gladiator began the quest for the Orb.
     0 | D:1      | Reached XP level 1. HP: 11/11 MP: 2/2
   105 | D:1      | Reached XP level 2. HP: 13/15 MP: 2/4
   140 | D:1      | Reached skill level 1 in Spellcasting
   257 | D:1      | Reached XP level 3. HP: 10/18 MP: 5/5
   863 | D:2      | Found an ornate altar of the Wu Jian Council.
   865 | D:2      | Found a shattered altar of Ashenzari.
   906 | D:2      | Gained mutation: Your natural rate of healing is unusually
                  | fast. [Vine Stalker growth]
   906 | D:2      | Reached XP level 4. HP: 14/23 MP: 7/7
  1086 | D:3      | Found a transporter.
  1207 | D:3      | Noticed Robin
  1219 | D:3      | Killed Robin
  1245 | D:3      | Found a shattered altar of Ashenzari.
  1338 | D:3      | Reached XP level 5. HP: 23/28 MP: 6/9
  1380 | D:3      | Found a transporter.
  1395 | D:3      | Noticed Grinder
  1411 | D:3      | Paralysed by Grinder for 2 turns
  1417 | D:3      | Killed Grinder
  1417 | D:3      | Reached XP level 6. HP: 32/33 MP: 8/12
  1515 | D:2      | Became a worshipper of the Wu Jian Council
  2210 | D:3      | Found a faded altar of an unknown god.
  2412 | D:3      | HP: 1/33 [electric eel/bolt of electricity (1)]
  2415 | D:3      | Killed from afar by an electric eel

Levels and vault maps discovered:
D:1:      lightli_arrival_boilingwater, layout_rooms, dk_noncrumbling_4
D:2:      layout_loops_corners, nicolae_overflow_hidden_temple
D:3:      gammafunk_steamed_eel, layout_basic, chequers_ecumenical_altar_lobes,
          first_ration, ashenzari_altar_1, uniq_robin, uniq_grinder

Skill      XL: |  1  2  3  4  5  6 |
---------------+-------------------+-----
Spellcasting   | 1 2 3 4 |  4.0
Fighting       | 2 4 |  4.1
Throwing       | 2 |  2.0
Short Blades   | 3 |  3.1
Dodging        | 3 |  3.0

Action                   |  1- 3 |  4- 6 || total
-------------------------+-------+-------++-------
Melee: Rapier            |    88 |   154 ||   242
       Bite              |    34 |    43 ||    77
Throw: Stone             |    40 |    11 ||    51
       Dart              |     2 |     1 ||     3
       Throwing net      |       |     3 ||     3
Invok: Lunge             |       |     8 ||     8
  Use: Potion            |       |     3 ||     3
 Stab: Held in net/web   |       |     1 ||     1
  Eat: Chunk             |       |     5 ||     5
Armor: Leather armour    |    22 |    29 ||    51
Dodge: Dodged            |    64 |    90 ||   154

Table legend:
 A = Non-vault XP
 B = Vault XP
 C = Vault XP percentage of total XP
 D = Non-vault monster count
 E = Vault monster count
 F = Vault count percentage of total count
                 A         B        C        D         E       F
            +---------+---------+-------+---------+---------+-------
      Total |     232 |     313 |  57.4 |      81 |      12 |  12.9
            +---------+---------+-------+---------+---------+-------
        D:1 |      49 |       0 |   0.0 |      24 |       0 |   0.0
        D:2 |      83 |       0 |   0.0 |      29 |       0 |   0.0
        D:3 |     100 |     313 |  75.8 |      28 |      12 |  30.0
            +---------+---------+-------+---------+---------+-------
